[Event "*** Titled Tuesday Blitz"]
[Site "Chess.com"]
[Date "2021.03.30"]
[Round "2"]
[White "KaterynaLagno"]
[Black "Lion-Al-Messi"]
[Result "1-0"]
[WhiteElo "2695"]
[BlackElo "2487"]
[TimeControl "180+1"]
[EndTime "10:15:17 PDT"]
[Termination "KaterynaLagno won by resignation"]

1. e4 e6 2. d4 d5 3. Nd2 c5 4.
exd5 Qxd5 5. Ngf3 cxd4 6. Bc4 Qd6 7. O-O Nf6 8. Nb3 Nc6 9. Nbxd4 Nxd4 10. Nxd4 Be7 11.
c3 O-O 12. Qf3 e5 13. Nf5 Bxf5 14. Qxf5 Rac8 15. Bb3 Rc5 16. Be3 Rb5 17. Rad1 Qc7 18. h3 g6 19. Qd3 a6 20. Qe2 e4 21. Rd2 Rh5 22. Rfd1 Qe5 23. Bd4 Qf4 24. Qe3 Qf5 25.
Bc2 Re8 26. Re2 Bd6 27. Bxf6 Qxf6 28. Qd4 Be5 29. Qd7 Re7 30. Qd8+ Kg7 31. Rxe4 Rg5 32. f4 Bd4+ 33. Qxd4 1-0

[Event "*** Titled Tuesday Blitz"]
[Site "Chess.com"]
[Date "2021.03.30"]
[Round "2"]
[White "julinha97"]
[Black "Gentlejimmy7"]
[Result "0-1"]
[WhiteElo "2274"]
[BlackElo "2475"]
[TimeControl "180+1"]
[EndTime "10:15:20 PDT"]
[Termination "Gentlejimmy7 won by resignation"]

1. e4 c5 2. Nf3 Nc6 3. b4 e5 4.
b5 Nd4 5. Bc4 d6 6. h3 Be6 7.
Bxe6 Nxe6 8. c3 Nf6 9. Qc2 Be7 10. O-O O-O 11. Na3 d5 12. exd5 Qxd5 13. Re1 e4 14. c4 Qh5 15. Rxe4 Nxe4 16. Qxe4 Bf6 17. Rb1 Rae8 18.
Qxb7 Nf4 19. d4 Ne2+ 20. Kh2 cxd4 21. c5 Be5+ 22. Nxe5 Qxe5+ 23. g3 Qxc5 24. Qf3 Nxc1 25. Rb2 d3 26. Nb1 Re2 0-1

[Event "*** Titled Tuesday Blitz"]
[Site "Chess.com"]
[Date "2021.03.30"]
[Round "2"]
[White "korbul"]
[Black "Romadk"]
[Result "1/2-1/2"]
[WhiteElo "2570"]
[BlackElo "2323"]
[TimeControl "180+1"]
[EndTime "10:15:23 PDT"]
[Termination "Game drawn by repetition"]

1. d4 Nf6 2. Nf3 d5 3. Bf4 c5 4. e3 Nc6 5. Nbd2 Qb6 6. dxc5 Qxc5 7. c3 g6 8. h3 Bg7 9. Be2 O-O 10. O-O e6 11. Qa4 Qe7 12. Bh2 Rd8 13. Rac1 Bd7 14.
Qc2 Rac8 15. Qb1 b6 16. Ba6 Ne8 17. Bxc8 Rxc8 18. e4 d4 19. cxd4 Nxd4 20. Nxd4 Bxd4 21. Rxc8 Bxc8 22. Nf3 Bc5 23. Qd3 Bb7 24. Rd1 Bc6 25.
Qd8 Kg7 26. Qxe7 Bxe7 27. Ne5 Bb5 28. b3 Nf6 29. f3 Bc5+ 30. Kh1 Ng8 31. Nd7 Be7 32.
Be5+ f6 33. Bb8 Bxd7 34. Rxd7 Kh6 35. Bxa7 Bc5 36. Rb7 f5 37. Bxb6 Bf8 38. a4 fxe4 39. fxe4 Nf6 40. a5 Nxe4 41. a6 Bc5 42. a7 Ng3+ 43. Kh2 Nf1+ 44. Kh1 Ng3+ 45. Kh2 Nf1+ 46. Kh1 Ng3+ 1/2-1/2

[Event "*** Titled Tuesday Blitz"]
[Site "Chess.com"]
[Date "2021.03.30"]
[Round "2"]
[White "tgpgoat"]
[Black "ApoIogiA"]
[Result "0-1"]
[WhiteElo "2399"]
[BlackElo "2189"]
[TimeControl "180+1"]
[EndTime "10:15:23 PDT"]
[Termination "ApoIogiA won by resignation"]

1. d4 Nf6 2. Bg5 d5 3. Bxf6 gxf6 4. g3 Bf5 5. Bg2 e6 6. e3 Bd6 7. Ne2 h5 8. c4 c6 9. O-O Nd7 10.
h4 dxc4 11. Qa4 Nb6 12. Qd1 Qc7 13. Nbc3 Rg8 14. e4 Bh7 15. d5 O-O-O 16. a4 a5 17.
Nd4 Bc5 18. Qxh5 Bxd4 19. Qxh7 Qxg3 0-1

[Event "*** Titled Tuesday Blitz"]
[Site "Chess.com"]
[Date "2021.03.30"]
[Round "2"]
[White "pheonixking2000"]
[Black "Speed-O-Sonic"]
[Result "1-0"]
[WhiteElo "2770"]
[BlackElo "2352"]
[TimeControl "180+1"]
[EndTime "10:15:25 PDT"]
[Termination "pheonixking2000 won by resignation"]

1. c4 c6 2. e4 d5 3. cxd5 cxd5 4. exd5 Nf6 5. Nc3 g6 6. Bc4 Bg7 7. Nge2 O-O 8. O-O Nbd7 9. d3 a6 10. a4 b6 11. Nd4 Bb7 12. Re1 Nc5 13. Qf3 e6 14.
Nc6 Bxc6 15. dxc6 a5 16. Bf4 Rc8 17. Rad1 Nh5 18. d4 Bxd4 19. Be5 Bxc3 20. Rxd8 Bxe1 21. Rxf8+ Kxf8 22. g4 Ng7 23. c7 Ne8 24. Qc6 Bb4 25.
Qxb6 Nd7 26. Qb7 1-0

[Event "*** Titled Tuesday Blitz"]
[Site "Chess.com"]
[Date "2021.03.30"]
[Round "2"]
[White "VladaSviridova"]
[Black "tsaruk_maks"]
[Result "0-1"]
[WhiteElo "2246"]
[BlackElo "2618"]
[TimeControl "180+1"]
[EndTime "10:15:26 PDT"]
[Termination "tsaruk_maks won on time"]

1. d4 Nf6 2. c4 e6 3. Nf3 d5 4.
Nc3 c5 5. cxd5 Nxd5 6. e4 Nxc3 7. bxc3 cxd4 8. cxd4 Bb4+ 9. Bd2 Bxd2+ 10. Qxd2 O-O 11. Rc1 b6 12. Bd3 Bb7 13. O-O Nc6 14. Qe3 Rc8 15.
e5 Nb4 16. Rxc8 Qxc8 17. Bxh7+ Kxh7 18. Ng5+ Kg8 19. Qh3 Qc2 20. a3 Nd5 21. g3 Qg6 22.
Qh4 Rc8 23. Qg4 Rc2 24. h4 Ne3 25. Qf4 Nxf1 26. h5 Qxh5 0-1

[Event "*** Titled Tuesday Blitz"]
[Site "Chess.com"]
[Date "2021.03.30"]
[Round "2"]
[White "english_player_89"]
[Black "CzechmVIII"]
[Result "1-0"]
[WhiteElo "2430"]
[BlackElo "2208"]
[TimeControl "180+1"]
[EndTime "10:15:26 PDT"]
[Termination "english_player_89 won by resignation"]

1. e4 c5 2. Nf3 d6 3. d4 cxd4 4. Nxd4 Nf6 5. Nc3 g6 6. Be3 Bg7 7. f3 Nc6 8. Qd2 O-O 9. O-O-O d5 10. Nxc6 bxc6 11. Bh6 Bxh6 12. Qxh6 Rb8 13. h4 e5 14. h5 Qb6 15. hxg6 fxg6 16. b3 Qc7 17. exd5 cxd5 18. Nxd5 Nxd5 19. Rxd5 Rf7 20. Bc4 Be6 21. Rc5 Qxc5 22. Bxe6 Qe3+ 23. Qxe3 1-0

[Event "*** Titled Tuesday Blitz"]
[Site "Chess.com"]
[Date "2021.03.30"]
[Round "2"]
[White "enriquetejedor"]
[Black "Firouzja2003"]
[Result "0-1"]
[WhiteElo "2608"]
[BlackElo "3094"]
[TimeControl "180+1"]
[EndTime "10:15:29 PDT"]
[Termination "Firouzja2003 won on time"]

1. e4 b6 2. Nc3 Bb7 3. d4 e6 4. a3 Nf6 5. f3 d5 6. e5 Nfd7 7.
f4 c5 8. Nf3 Nc6 9. Be3 cxd4 10. Nxd4 Bc5 11. Qd2 O-O 12. Nf3 Ndxe5 13. Nxe5 Bxe3 14.
Qxe3 d4 15. Nxc6 Bxc6 16. Qg3 dxc3 17. Qxc3 Rc8 18. Qd2 Qf6 19. O-O-O Be4 20. Bd3 Bxd3 21. Qxd3 Qxf4+ 22. Kb1 Qc7 23. Rhe1 Rfd8 24. Qe2 Qxh2 25. Rxd8+ Rxd8 26. Qa6 Qc7 27. Re3 g6 28. Rc3 Qe7 29. Ka2 e5 30. Qe2 e4 31. Re3 Qe6+ 32. b3 Re8 33.
Rc3 f5 34. g4 f4 35. Rc4 f3 36. Qe3 Qf7 37. Rc7 Qxc7 0-1

[Event "*** Titled Tuesday Blitz"]
[Site "Chess.com"]
[Date "2021.03.30"]
[Round "2"]
[White "Alexsur1981"]
[Black "SilviusTiberius"]
[Result "1-0"]
[WhiteElo "2861"]
[BlackElo "2556"]
[TimeControl "180+1"]
[EndTime "10:15:29 PDT"]
[Termination "Alexsur1981 won by resignation"]

1. e4 e5 2. f4 exf4 3. Bc4 Nf6 4. Nc3 c6 5. Qf3 b5 6. Bb3 b4 7. Nce2 d5 8. exd5 cxd5 9. Nxf4 Bb7 10. Nge2 Bc5 11.
d4 Bd6 12. O-O O-O 13. Ng3 a5 14. c3 a4 15. Bc2 a3 16. Nf5 Ne4 17. Nxd5 Bxd5 18.
Bxe4 Bxe4 19. Qxe4 axb2 20. Bxb2 bxc3 21. Bxc3 Ra6 22.
d5 Bc5+ 23. Kh1 Rg6 24. Rf3 Nd7 25. Qc4 Re8 26. Raf1 Qb6 27. Bxg7 Rxg7 28. Nxg7 Kxg7 29. Rxf7+ Kg8 30. Rxd7 1-0

[Event "*** Titled Tuesday Blitz"]
[Site "Chess.com"]
[Date "2021.03.30"]
[Round "2"]
[White "dhaessel"]
[Black "ErikRonka"]
[Result "0-1"]
[WhiteElo "2012"]
[BlackElo "2386"]
[TimeControl "180+1"]
[EndTime "10:15:31 PDT"]
[Termination "ErikRonka won by resignation"]

1. d4 d5 2. c4 e6 3. Nc3 a6 4.
Nf3 Nf6 5. Bg5 dxc4 6. a4 Nc6 7. e4 Na5 8. e5 h6 9. Bh4 g5 10. Nxg5 hxg5 11. Bxg5 Be7 12. exf6 Bxf6 13. Bxf6 Qxf6 14. Be2 Bd7 15. Bf3 O-O-O 16. O-O Rxh2 17. Ne4 Qh6 18. g3 Rh8 0-1

[Event "*** Titled Tuesday Blitz"]
[Site "Chess.com"]
[Date "2021.03.30"]
[Round "2"]
[White "slowdgehammer"]
[Black "Onischuk_V"]
[Result "0-1"]
[WhiteElo "2360"]
[BlackElo "2880"]
[TimeControl "180+1"]
[EndTime "10:15:39 PDT"]
[Termination "Onischuk_V won on time"]

1. e4 d6 2. d4 Nf6 3. Nc3 g6 4.
f3 c6 5. Be3 b5 6. Qd2 Qc7 7.
g4 h5 8. g5 Nfd7 9. Nge2 Nb6 10. Nc1 Bg7 11. Nb3 Nc4 12. Bxc4 bxc4 13. Nc1 Nd7 14. N1e2 Rb8 15. b3 Ba6 16. h4 O-O 17. O-O e5 18. Kg2 d5 19. exd5 cxd5 20. Nxd5 Qd8 21.
Rad1 Re8 22. Rfe1 cxb3 23. axb3 Bb7 24. Nec3 Rc8 25. dxe5 Nxe5 26. Bf4 Nxf3 27. Qd3 Nxe1+ 28. Rxe1 Rxe1 29. Kf2 Bxc3 30. Nxc3 Qxd3 31. cxd3 Rxc3 32. Kxe1 Rxd3 0-1

[Event "*** Titled Tuesday Blitz"]
[Site "Chess.com"]
[Date "2021.03.30"]
[Round "2"]
[White "bocah_sakit"]
[Black "Kotofeyca"]
[Result "1-0"]
[WhiteElo "2840"]
[BlackElo "2359"]
[TimeControl "180+1"]
[EndTime "10:15:39 PDT"]
[Termination "bocah_sakit won by checkmate"]

1. e4 c5 2. Nf3 d6 3. d4 cxd4 4. Nxd4 Nf6 5. Nc3 a6 6. Bg5 e6 7.
f4 Qb6 8. Qd2 Nc6 9. Nb3 Be7 10.
O-O-O Qc7 11. Bd3 b5 12. g4 Bb7 13. Bxf6 Bxf6 14. g5 Be7 15. h4 h5 16. g6 fxg6 17. Qg2 Rh6 18. Qh3 Qd7 19. e5 O-O-O 20.
exd6 Bxd6 21. Be4 Bxf4+ 22. Kb1 Qe7 23. Qf3 Qc7 24. Nc5 g5 25. Nxb7 Rxd1+ 26. Rxd1 Kxb7 27. hxg5 Bxg5 28. Bxc6+ Qxc6 29. Rd7+ Kb6 30. Qf2+ Ka5 31. a3 b4 32. axb4+ Kxb4 33. Qd4+ Ka5 34. b4# 1-0

[Event "*** Titled Tuesday Blitz"]
[Site "Chess.com"]
[Date "2021.03.30"]
[Round "2"]
[White "Djager97"]
[Black "Kildepiotr"]
[Result "1-0"]
[WhiteElo "2499"]
[BlackElo "2679"]
[TimeControl "180+1"]
[EndTime "10:15:41 PDT"]
[Termination "Djager97 won by checkmate"]

1. e4 g6 2. d4 Bg7 3. Nc3 c6 4. f4 d5 5. e5 Nh6 6. Nf3 Bg4 7. Be3 Nf5 8. Bf2 h5 9. h3 Bxf3 10. Qxf3 h4 11. Bd3 e6 12. Ne2 Bf8 13. O-O Qb6 14. b3 c5 15. c4 dxc4 16. Bxc4 cxd4 17. Kh2 Nc6 18. Rfd1 Be7 19. Bd3 Rd8 20. Rac1 O-O 21. Be4 Rc8 22. Bxf5 exf5 23. Nxd4 Nxd4 24. Bxd4 Qa6 25.
Bb2 Rxc1 26. Rxc1 Qb6 27. Rd1 Rd8 28. Rxd8+ Bxd8 29. Qd5 Be7 30. Qd7 Qb4 31. Bd4 a6 32. e6 Qd6 33. Qe8+ Bf8 34. Qxf7# 1-0

[Event "*** Titled Tuesday Blitz"]
[Site "Chess.com"]
[Date "2021.03.30"]
[Round "2"]
[White "hleol"]
[Black "Borsuk_Konstantin"]
[Result "0-1"]
[WhiteElo "2362"]
[BlackElo "2665"]
[TimeControl "180+1"]
[EndTime "10:15:46 PDT"]
[Termination "Borsuk_Konstantin won by resignation"]

1. d4 Nf6 2. c4 e6 3. Nc3 Bb4 4. e3 b6 5. Bd3 Bb7 6. Ne2 O-O 7.
O-O Re8 8. a3 Bf8 9. e4 d6 10. f4 c5 11. d5 Nbd7 12. Ng3 a6 13.
a4 Qc7 14. Bc2 g6 15. e5 dxe5 16. fxe5 Qxe5 17. Kh1 exd5 18. cxd5 Bg7 19. Bf4 Qd4 20. d6 h6 21. Qb1 Ng4 22. h3 Ne3 23. Bxe3 Rxe3 24. Bxg6 Rxg3 25. Bxf7+ Kh8 0-1

[Event "*** Titled Tuesday Blitz"]
[Site "Chess.com"]
[Date "2021.03.30"]
[Round "2"]
[White "DrMamaliga"]
[Black "zala02"]
[Result "1-0"]
[WhiteElo "2408"]
[BlackElo "2148"]
[TimeControl "180+1"]
[EndTime "10:15:47 PDT"]
[Termination "DrMamaliga won by resignation"]

1. c4 c6 2. Nc3 d5 3. e3 Nf6 4.
Nf3 Bf5 5. cxd5 cxd5 6. Qb3 e6 7. Qxb7 Nbd7 8. Bb5 Bd6 9. Nd4 Rb8 10. Qxa7 Bc5 11. Qxc5 Rxb5 12. Qxb5 Bg6 13. Nc6 Qc7 14. Nd4 O-O 15.
O-O Rb8 16. Qc6 Qd8 17. Ncb5 Rc8 18. Qd6 Ne4 19. Qb4 Ndc5 20. f3 Nd3 21. Qa3 Nec5 22.
b4 Ra8 23. Qc3 Na4 24. Qc7 Qf8 25. Nc6 Kh8 26. Nd6 Ne5 27. Nxe5 1-0

[Event "*** Titled Tuesday Blitz"]
[Site "Chess.com"]
[Date "2021.03.30"]
[Round "2"]
[White "DFeco"]
[Black "Titus369"]
[Result "1-0"]
[WhiteElo "2324"]
[BlackElo "2529"]
[TimeControl "180+1"]
[EndTime "10:15:49 PDT"]
[Termination "DFeco won by checkmate"]

1. c4 e6 2. g3 d5 3. Bg2 Nf6 4. Nf3 Be7 5. O-O O-O 6. d4 dxc4 7. Ne5 Nc6 8. Nxc6 bxc6 9. Qa4 Nd5 10. Na3 Nb4 11. Nxc4 Qxd4 12. Na5 Qb6 13. Be3 Bc5 14.
Nc4 Qb5 15. Qxb5 cxb5 16. Bxc5 bxc4 17. Bxb4 Rb8 18. Bxf8 Kxf8 19. b3 Ke7 20. bxc4 Rb2 21. Bf3 Rb6 22. Rab1 Ra6 23. Rb2 Ra5 24. Rc1 Ba6 25. c5 Kf6 26. c6 Ra4 27. Rb7 Ra3 28. Rxa7 Rxa2 29. Rxc7 Bxe2 30. Bxe2 Rxe2 31. Rd7 Ra2 32.
c7 Ra8 33. c8=Q Rxc8 34. Rxc8 h5 35. Rcc7 g6 36. Rxf7+ Kg5 37. h4+ Kg4 38. Kg2 g5 39. Rc4# 1-0

[Event "*** Titled Tuesday Blitz"]
[Site "Chess.com"]
[Date "2021.03.30"]
[Round "2"]
[White "amintabatabaei"]
[Black "Fighter008"]
[Result "1-0"]
[WhiteElo "3025"]
[BlackElo "2603"]
[TimeControl "180+1"]
[EndTime "10:15:51 PDT"]
[Termination "amintabatabaei won by resignation"]

1. e4 c5 2. Nc3 a6 3. g3 b5 4. Bg2 Bb7 5. Nh3 e6 6. O-O g6 7. f4 Bg7 8. d3 Ne7 9. g4 d5 10. f5 exf5 11. exf5 Nd7 12. Bg5 f6 13. Bd2 g5 14. Qe2 O-O 15. Nxd5 Nxd5 16. Qe6+ Rf7 17. Bxd5 Bxd5 18. Qxd5 Ne5 19. Qxd8+ Rxd8 20. Nf2 Nf3+ 21.
Kg2 Nxd2 22. Rfd1 Re7 23. Rxd2 c4 24. Rad1 Red7 25. Ne4 cxd3 26. Rxd3 Rxd3 27. Rxd3 Rxd3 28. cxd3 Kf7 29. Nc5 a5 30. Ne6 Bh6 31. Kf3 Ke7 32. Ke4 Kd6 33. b3 a4 34. bxa4 bxa4 35. Kd4 Kc6 36. Kc4 a3 37. d4 Kd6 38. d5 Ke5 39. Kc5 1-0

[Event "*** Titled Tuesday Blitz"]
[Site "Chess.com"]
[Date "2021.03.30"]
[Round "2"]
[White "mamonika"]
[Black "Legendinunknown"]
[Result "0-1"]
[WhiteElo "2048"]
[BlackElo "2612"]
[TimeControl "180+1"]
[EndTime "10:15:51 PDT"]
[Termination "Legendinunknown won by resignation"]

1. e4 e5 2. Nf3 Nc6 3. Bb5 a6 4. Ba4 d6 5. O-O Bg4 6. d3 Qf6 7. Bxc6+ bxc6 8. Nbd2 Ne7 9. h3 h5 10. Re1 Ng6 11. hxg4 hxg4 12. Nh2 Rxh2 13. Kxh2 Qxf2 14. Nf1 Nh4 15. Qxg4 Qxe1 16. Ng3 Be7 17. b3 Qf2 18. Nf5 Nxf5 19. exf5 Bf6 20. Bg5 Ke7 21. Bxf6+ gxf6 22. Qh3 Rg8 23. c4 Rg5 24. Qf3 Rxf5 25. Qxf2 Rxf2 26. Kg3 Rd2 27. Rh1 Rxd3+ 28. Kg4 Rd2 29. g3 Rxa2 30. Rh6 Ra3 31. Kf5 Rxb3 32. Ke4 Rxg3 0-1

[Event "*** Titled Tuesday Blitz"]
[Site "Chess.com"]
[Date "2021.03.30"]
[Round "2"]
[White "ZEN-22"]
[Black "NishaOnYoutube"]
[Result "1-0"]
[WhiteElo "2413"]
[BlackElo "2161"]
[TimeControl "180+1"]
[EndTime "10:15:51 PDT"]
[Termination "ZEN-22 won on time"]

1. e3 e5 2. Ne2 d5 3. d4 e4 4. c4 c6 5. Nbc3 Nf6 6. f3 exf3 7. gxf3 Bb4 8. a3 Bd6 9. e4 dxe4 10. fxe4 Ng4 11. e5 Qh4+ 12. Ng3 Nxh2 13. Ne4 Be7 14. Qe2 Nxf1 15. Rxh4 Nxg3 16. Nd6+ Bxd6 17. Qf2 Be7 18. Qxg3 Bxh4 19. Qxh4 Bf5 20. Bd2 O-O 21. d5 cxd5 22. cxd5 Nd7 23. Bc3 Rfe8 24. Qf4 Bg6 25. Kf1 Rac8 26. Re1 Nc5 27. e6 f6 28. Re3 Nd3 29.
Qd4 Ne5 30. Rxe5 fxe5 31. Qxe5 Re7 32. d6 Rf8+ 33. Kg1 1-0

[Event "*** Titled Tuesday Blitz"]
[Site "Chess.com"]
[Date "2021.03.30"]
[Round "2"]
[White "PavelChernomordik"]
[Black "Zipa5"]
[Result "1-0"]
[WhiteElo "2374"]
[BlackElo "1925"]
[TimeControl "180+1"]
[EndTime "10:15:51 PDT"]
[Termination "PavelChernomordik won on time"]

1. e4 e6 2. Nc3 c5 3. f4 Nc6 4. Nf3 g6 5. Bb5 Nge7 6. e5 a6 7. Ne4 Nd5 8. Bxc6 dxc6 9. c4 Nxf4 10. Nf6+ Ke7 11. d4 Qa5+ 12. Bd2 Nxg2+ 13. Kf2 Qb6 14. Kxg2 h6 15. d5 exd5 16. cxd5 Qxb2 17. Rb1 Qxa2 18. Qc1 Kd8 19. dxc6 b5 20. Ra1 1-0

[Event "*** Titled Tuesday Blitz"]
[Site "Chess.com"]
[Date "2021.03.30"]
[Round "2"]
[White "Nemsko"]
[Black "A-Fier"]
[Result "0-1"]
[WhiteElo "2336"]
[BlackElo "2665"]
[TimeControl "180+1"]
[EndTime "10:15:53 PDT"]
[Termination "A-Fier won on time"]

1. e4 c5 2. Nf3 d6 3. d4 cxd4 4. Nxd4 Nf6 5. Nc3 e6 6. Be3 Be7 7. f4 O-O 8. Be2 Nc6 9. O-O Bd7 10. Kh1 a6 11. Qe1 Nxd4 12. Bxd4 Bc6 13. Bd3 Nd7 14. Qg3 Bf6 15. e5 dxe5 16. fxe5 Be7 17. Qh3 g6 18.
Rad1 Qc7 19. Ne4 Bxe4 20. Bxe4 Nxe5 21. Bxb7 Qxb7 22. Bxe5 Qe4 23. Bc3 Qxc2 24. Qh6 f6 25. Rd7 Rae8 26. h3 Rf7 27. Bxf6 Qe2 28. Rf3 Qe1+ 29. Kh2 Rxf6 30. Rxf6 Qe5+ 31. Rf4 g5 0-1

[Event "*** Titled Tuesday Blitz"]
[Site "Chess.com"]
[Date "2021.03.30"]
[Round "2"]
[White "DaroZin"]
[Black "Loy_Konstantin"]
[Result "1-0"]
[WhiteElo "2581"]
[BlackElo "2316"]
[TimeControl "180+1"]
[EndTime "10:15:54 PDT"]
[Termination "DaroZin won by resignation"]

1. e4 c5 2. Nc3 Nc6 3. Bb5 Nd4 4. Bc4 g6 5. Nge2 Bg7 6. Nxd4 cxd4 7. Qf3 Nh6 8. Ne2 e6 9. Bb3 O-O 10. h4 f5 11. h5 fxe4 12. Qxe4 d5 13. Qh4 Qxh4 14. Rxh4 Nf5 15. Rh3 Bd7 16. d3 a5 17. a4 b6 18. Bf4 Bc6 19. Bc7 Ra6 20. hxg6 hxg6 21. O-O-O e5 22. f4 Ne3 23. Rdh1 exf4 24. Bxf4 Nxg2 25.
Bh6 Ra7 26. Bxg7 Rxg7 27. Nxd4 Bb7 28. Rh8+ Kf7 29. Rf1+ 1-0

[Event "*** Titled Tuesday Blitz"]
[Site "Chess.com"]
[Date "2021.03.30"]
[Round "2"]
[White "Magila31"]
[Black "KacperPolOK"]
[Result "1/2-1/2"]
[WhiteElo "2274"]
[BlackElo "2461"]
[TimeControl "180+1"]
[EndTime "10:15:54 PDT"]
[Termination "Game drawn by repetition"]

1. d4 e6 2. c4 f5 3. Nf3 Nf6 4. g3 d5 5. Bg2 c6 6. O-O Bd6 7. b3 Qe7 8. a4 a5 9. Ba3 Bxa3 10. Nxa3 b6 11. Nc2 Na6 12. Ne5 Nd7 13. Nxc6 Qd6 14. cxd5 exd5 15. Ne5 Bb7 16. Ne3 Nxe5 17. dxe5 Qxe5 18.
Bxd5 Rd8 19. Qd3 Rxd5 20. Nxd5 Qxd5 21. Qe3+ Qe4 22. Qxe4+ Bxe4 23. Rfd1 Ke7 24. f3 Bc2 25. Rd5 Bxb3 26. Rb5 Nc5 27. Rxb6 Rd8 28. Rb5 Kd6 29. Rxa5 Kc6 30. Rc1 Rd1+ 31. Rxd1 Bxd1 32. Kf2 Kb6 33. Rb5+ Kc6 34. Ra5 Kb6 35. Rb5+ Kc6 36.
Ra5 1/2-1/2

[Event "*** Titled Tuesday Blitz"]
[Site "Chess.com"]
[Date "2021.03.30"]
[Round "2"]
[White "KrolPawel92OnTwitch"]
[Black "kamilianin235"]
[Result "1-0"]
[WhiteElo "2619"]
[BlackElo "2260"]
[TimeControl "180+1"]
[EndTime "10:15:56 PDT"]
[Termination "KrolPawel92OnTwitch won by resignation"]

1. e4 c5 2. Nf3 d6 3. d4 cxd4 4. Nxd4 Nf6 5. Nc3 Nc6 6. Bg5 Qb6 7. Bxf6 gxf6 8. Ndb5 a6 9. Nd5 Qa5+ 10. b4 Nxb4 11. Nbc7+ Kd8 12. c3 Nxd5 13. Nxd5 e6 14. Nb4 Bd7 15.
Be2 Rc8 16. O-O Kc7 17. Rb1 Bb5 18. Bxb5 axb5 19. Qd4 Kb8 20. Qxf6 Rg8 21. Qxf7 Rg6 22. a4 Bh6 23. axb5 Rcg8 24. Nc6+ Kc8 25. Qxg8+ Rxg8 26. Nxa5 1-0

[Event "*** Titled Tuesday Blitz"]
[Site "Chess.com"]
[Date "2021.03.30"]
[Round "2"]
[White "Susal_De_Silva"]
[Black "chessdiamant"]
[Result "1-0"]
[WhiteElo "2690"]
[BlackElo "2341"]
[TimeControl "180+1"]
[EndTime "10:15:56 PDT"]
[Termination "Susal_De_Silva won by checkmate"]

1. e4 c5 2. Nf3 Nc6 3. Bb5 g6 4. Bxc6 dxc6 5. d3 Bg7 6. h3 Nf6 7. O-O O-O 8. Nc3 b6 9. Be3 e5 10.
a4 a5 11. Nd2 Nh5 12. Ne2 f5 13. f4 exf4 14. Nxf4 Nxf4 15. Bxf4 fxe4 16. Nxe4 Bxb2 17. Rb1 Bd4+ 18. Kh1 Qd5 19. c3 Bg7 20. Rxb6 c4 21. Bh6 Bxh3 22. Bxg7 Kxg7 23. gxh3 cxd3 24. Rb7+ Kh8 25.
Re1 Rae8 26. c4 Qxc4 27. Qa1+ Kg8 28. Qg7# 1-0

[Event "*** Titled Tuesday Blitz"]
[Site "Chess.com"]
[Date "2021.03.30"]
[Round "2"]
[White "DanielTitichoca"]
[Black "FMJoseHerrera"]
[Result "0-1"]
[WhiteElo "2272"]
[BlackElo "2566"]
[TimeControl "180+1"]
[EndTime "10:15:59 PDT"]
[Termination "FMJoseHerrera won by resignation"]

1. e4 c5 2. Nf3 e6 3. d4 cxd4 4.
Nxd4 a6 5. Nc3 Qc7 6. Be3 b5 7. a3 Bb7 8. Bd3 Nf6 9. O-O Be7 10. f4 d6 11. Kh1 h5 12. Qf3 Nbd7 13. Rae1 h4 14. Bf2 h3 15. Bg3 hxg2+ 16. Qxg2 g6 17. Kg1 O-O-O 18. Nf3 Nc5 19. Ng5 Rdf8 20. b4 Ncd7 21. Ne2 d5 22. Ra1 dxe4 23. Nxe4 Nd5 24. Qf2 f5 25. Nd2 g5 26. fxg5 f4 27. Bh4 Ne3 28.
Rfc1 Ng4 29. Qe1 f3 30. Nxf3 Rxf3 31. Bg3 Qb6+ 32. Kh1 0-1

[Event "*** Titled Tuesday Blitz"]
[Site "Chess.com"]
[Date "2021.03.30"]
[Round "2"]
[White "rachidhuilda"]
[Black "Tsyhanchuk_Stanislav"]
[Result "0-1"]
[WhiteElo "2294"]
[BlackElo "2480"]
[TimeControl "180+1"]
[EndTime "10:16:00 PDT"]
[Termination "Tsyhanchuk_Stanislav won on time"]

1. d4 Nf6 2. Bg5 Ne4 3. Bf4 g6 4. f3 Nf6 5. e4 Bg7 6. Nc3 c5 7. d5 d6 8. Qd2 O-O 9. Bh6 e6 10. Bxg7 Kxg7 11. dxe6 Bxe6 12. O-O-O Nc6 13. g4 Nd4 14. h4 h5 15. g5 Nd7 16. f4 Qa5 17. f5 Bxa2 18. Nge2 Bc4 19. Nxd4 Qa1+ 20. Nb1 Ba2 21.
Qc3 cxd4 22. Qxd4+ Kg8 23. Kd2 Bxb1 24. Bc4 Ne5 25. Bb3 Nf3+ 26. Ke3 Nxd4 27. Kxd4 Qxb2+ 28. Ke3 Bxc2 0-1

[Event "*** Titled Tuesday Blitz"]
[Site "Chess.com"]
[Date "2021.03.30"]
[Round "2"]
[White "AttilaTurzo"]
[Black "ckgchess"]
[Result "0-1"]
[WhiteElo "2488"]
[BlackElo "2706"]
[TimeControl "180+1"]
[EndTime "10:16:01 PDT"]
[Termination "ckgchess won by resignation"]

1. d4 Nf6 2. Nf3 e6 3. Bf4 d5 4. e3 Bd6 5. Bg3 O-O 6. Nbd2 c5 7.
c3 Qc7 8. dxc5 Qxc5 9. Bd3 Nbd7 10. O-O Bxg3 11. hxg3 e5 12. e4 dxe4 13. Nxe4 Nxe4 14.
Bxe4 Nf6 15. Bc2 Bg4 16. Re1 Rad8 17. Qc1 Rfe8 18. Qe3 Qxe3 19. Rxe3 Bxf3 20. gxf3 Rd2 21. Rc1 g6 22. Kf1 Kg7 23. Re2 Rxe2 24. Kxe2 Rd8 25. Rd1 Rxd1 26. Bxd1 h5 27. c4 Kf8 28. c5 Ke7 29.
Kd3 g5 30. Be2 h4 31. Bf1 Nh5 32. Ke4 hxg3 33. Kxe5 gxf2 34. Kf5 Ng3+ 35. Kxg5 Nxf1 0-1

[Event "*** Titled Tuesday Blitz"]
[Site "Chess.com"]
[Date "2021.03.30"]
[Round "2"]
[White "Sueetin"]
[Black "CSB7"]
[Result "1/2-1/2"]
[WhiteElo "2428"]
[BlackElo "2665"]
[TimeControl "180+1"]
[EndTime "10:16:01 PDT"]
[Termination "Game drawn by repetition"]

1. d4 d5 2. c4 c6 3. cxd5 cxd5 4. Bf4 Nc6 5. e3 Nf6 6. Nc3 a6 7. Bd3 Bg4 8. Nge2 e6 9. O-O Bh5 10. Rc1 Bg6 11. a3 Be7 12. Na4 O-O 13. Nc5 Bxc5 14. Rxc5 Bxd3 15. Qxd3 Ne4 16. Rc2 Rc8 17. Rfc1 Qe7 18. Nc3 Nxc3 19. Rxc3 f6 20. Bg3 Rcd8 21. b4 e5 22. Rc5 exd4 23. exd4 Rfe8 24. h3 Qe4 25. Rd1 Qxd3 26. Rxd3 Re1+ 27. Kh2 Re4 28. b5 axb5 29. Rxb5 Rd7 30. Rdb3 Ree7 31. Rd3 Re4 32. Rdb3 Ree7 33. Rd3 Re4 1/2-1/2

[Event "*** Titled Tuesday Blitz"]
[Site "Chess.com"]
[Date "2021.03.30"]
[Round "2"]
[White "Oglob71"]
[Black "m-garcett"]
[Result "1/2-1/2"]
[WhiteElo "2399"]
[BlackElo "2123"]
[TimeControl "180+1"]
[EndTime "10:16:01 PDT"]
[Termination "Game drawn by repetition"]

1. d4 Nf6 2. Nf3 g6 3. c4 Bg7 4. Nc3 O-O 5. Bg5 d6 6. e3 Nbd7 7.
h3 c5 8. d5 h6 9. Bf4 Qa5 10. Nd2 Ne5 11. Bxe5 dxe5 12. Bd3 e6 13. O-O exd5 14. cxd5 Bf5 15. Nc4 Qd8 16. e4 Bd7 17. Nxe5 Nxd5 18. Nxd7 Nxc3 19. bxc3 Qxd7 20. Qb3 Qxd3 21. Qxb7 Qxc3 22. Rac1 Qe5 23. f4 Qd4+ 24. Kh2 a5 25. e5 Rab8 26. Qc7 Rb2 27. Qxa5 Qd5 28.
Rg1 Ra8 29. Qxc5 Qxc5 30. Rxc5 Raxa2 31. Rc3 g5 32. Kg3 gxf4+ 33. Kxf4 Rxg2 34. Rxg2 Rxg2 35. h4 h5 36. Kf5 Rg4 37. Rc8+ Kh7 38. Rc7 Rg1 39.
Rxf7 Rf1+ 40. Ke6 Rxf7 41. Kxf7 Bxe5 42. Ke6 Bg3 43. Kf5 Bxh4 44. Kf4 Kg6 45. Kf3 Kg5 46. Kg2 Kg4 47. Kh1 Kh3 48. Kg1 Bg3 49.
Kh1 h4 50. Kg1 Kg4 51. Kh1 Kh3 52. Kg1 Kg4 53. Kh1 Kh3 1/2-1/2